Map: Frost LE

Players

Siglave

  • Race: Zerg Zerg
  • League: Master

Sapphire - Winner!

  • Race: Protoss Protoss
  • League: Master

VOD

Have the link to the VOD?

Description

Time

  • Played on: Oct. 22, 2016, 11:46 p.m.
  • Length: 9:45
Show
View Real Time Build Order
Export as new Build Order

Siglave Zerg 

Build Orders: Hatch First 

Get SALT Encoding   

  12  0:01  Drone  
  13  0:15  Overlord  
  13  0:16  Drone  
  14  0:33  Drone x2  
  16  0:38  Drone  
  17  0:54  Unknown, Hatchery  
  17  0:56  Drone  
  17  1:00  Drone  
  17  1:02  Extractor  
  17  1:16  Spawning Pool  
  16  1:20  Drone  
  16  1:23  Drone  
  18  1:31  Drone  
  19  1:42  Overlord  
  19  1:52  Drone  
  20  2:04  Metabolic Boost  
  20  2:05  Queen, Unknown  
  20  2:06  Queen  
  24  2:10  Zergling x2  
  24  2:12  Zergling x2  
  26  2:15  Zergling x2  
  26  2:20  Drone  
  28  2:24  Drone  
  28  2:29  Drone  
  30  2:38  Drone  
  31  2:46  Unknown, Hatchery  
  31  2:47  Drone  
  31  2:51  Overlord  
  31  2:55  Drone  
  31  2:58  Drone  
  33  3:00  Drone  
  33  3:05  Queen  
  36  3:11  Drone  
  36  3:12  Drone  
  38  3:18  Drone x2  
  40  3:21  Overlord  
  40  3:23  Drone x2  
  40  3:26  Drone  
  40  3:27  Drone  
  44  3:32  Roach Warren  
  43  3:34  Drone  
  43  3:40  Overlord  
  43  3:41  Drone  
  45  3:43  Drone  
  45  3:52  Extractor  
  45  3:53  Drone x5  
  45  3:55  Evolution Chamber  
  48  3:57  Unknown  
  48  3:59  Queen  
  50  4:08  Spore Crawler  
  50  4:09  Drone  
  50  4:17  Roach  
  50  4:18  Roach x2  
  50  4:21  Overlord  
  56  4:24  Overlord  
  56  4:25  Drone  
  56  4:30  Overlord  
  57  4:34  Spore Crawler  
  57  4:36  Spore Crawler  
  55  4:38  Roach  
  55  4:40  Zergling x12  
  65  4:45  Roach  
  65  4:46  Roach  
  65  4:53  Zergling x8  
  65  4:57  Overlord  
  65  4:59  Zergling x4  
  67  5:04  Zerg Melee Weapons Level 1  
  65  5:07  Roach x2  
  65  5:13  Zergling x6  
  66  5:16  Drone  
  66  5:18  Ravager  
  67  5:21  Zergling x4  
  67  5:28  Drone x2  
  68  5:38  Drone x2  
  68  5:40  Drone  
  68  5:41  Drone  
  68  5:42  Lair, Drone  
  71  5:43  Drone  
  71  5:44  Drone  
  71  5:47  Drone x2  
  71  5:49  Overlord  
  75  5:50  Drone  
  76  5:58  Zergling x4  
  76  5:59  Roach x2  
  82  6:09  Drone x2  
  84  6:12  Drone x3  
  84  6:14  Extractor  
  84  6:15  Drone  
  84  6:16  Roach  
  83  6:29  Drone  
  74  6:33  Roach x2  
  74  6:34  Drone  
  74  6:35  Drone x5  
  74  6:39  Queen  
  81  6:43  Queen  
  81  6:47  Drone x6  
  84  6:49  Glial Reconstitution  
  84  6:53  Overlord  
  89  7:05  Extractor  
  89  7:06  Extractor  
  87  7:27  Drone  
  87  7:28  Overlord  
  92  7:30  Roach x4  
  92  7:35  Baneling Nest, Zergling x4  
  97  7:40  Unknown, Hatchery  
  97  7:42  Overlord  
  97  7:43  Drone  
  96  7:44  Drone  
  96  7:48  Overlord  
  97  8:01  Overlord, Drone  
  97  8:03  Overseer  
  97  8:04  Roach x3  
  104  8:06  Overlord  
  104  8:07  Drone  
  104  8:08  Drone  
  104  8:12  Roach x2, Unknown, Spire, Hatchery  
  108  8:15  Queen  
  110  8:20  Roach x2  
  110  8:21  Ravager x2, Zergling x2  
  110  8:22  Zergling x8  
  110  8:26  Drone  
  122  8:29  Baneling x2  
  122  8:30  Baneling x2  
  122  8:35  Drone  
  122  8:37  Zergling x2  
  122  8:38  Zergling x4  
  126  8:44  Drone x2  
  126  8:45  Queen  
  126  8:46  Overlord  
  126  8:48  Zergling x6  
  133  8:51  Unknown  
  133  8:53  Baneling x8  
  133  8:54  Baneling  
  133  8:55  Zergling x2  
  134  8:59  Ravager, Overlord  
  134  9:01  Zergling x2  
  134  9:05  Zergling x2  
  133  9:12  Zergling x2  
  133  9:13  Zergling x8  
  138  9:23  Roach, Unknown  
  138  9:24  Roach x2  
Show
View Real Time Build Order
Export as new Build Order

Sapphire Protoss - Winner!

Build Orders: 1 Gate Expand, Mass Adepts, Zealot Archon, Dark Templar Rush 

Get SALT Encoding   

  12  0:01  Probe (Chrono Boost)  
  13  0:11  Probe (Chrono Boost)  
  14  0:18  Pylon  
  14  0:22  Probe (Chrono Boost)  
  15  0:36  Probe (Chrono Boost)  
  15  0:38  Gateway  
  16  0:47  Probe (Chrono Boost)  
  16  0:49  Assimilator  
  17  0:57  Probe (Chrono Boost)  
  18  1:08  Probe (Chrono Boost)  
  19  1:21  Nexus, Unknown  
  19  1:25  Probe (Chrono Boost)  
  20  1:35  Cybernetics Core  
  20  1:39  Probe (Chrono Boost)  
  21  1:46  Assimilator  
  21  1:50  Probe (Chrono Boost)  
  22  1:55  Pylon  
  22  2:00  Probe (Chrono Boost)  
  23  2:06  Warp Gate  
  23  2:10  Adept  
  23  2:14  Probe (Chrono Boost)  
  26  2:22  Twilight Council  
  26  2:27  Probe (Chrono Boost)  
  27  2:32  Unknown  
  27  2:33  Probe (Chrono Boost)  
  28  2:38  Probe (Chrono Boost)  
  28  2:39  Adept  
  31  2:46  Probe (Chrono Boost)  
  31  2:49  Mothership Core (Chrono Boost)  
  34  2:57  Probe (Chrono Boost)  
  35  3:02  Resonating Glaives  
  35  3:07  Probe (Chrono Boost)  
  35  3:08  Probe (Chrono Boost)  
  35  3:12  Adept  
  39  3:19  Probe (Chrono Boost)  
  41  3:20  Probe (Chrono Boost)  
  41  3:24  Gateway x2  
  41  3:32  Probe x2 (Chrono Boost)  
  41  3:33  Pylon  
  43  3:36  Assimilator  
  43  3:39  Adept  
  45  3:45  Probe (Chrono Boost)  
  46  3:53  Probe (Chrono Boost), Dark Shrine, Pylon  
  47  3:57  Probe (Chrono Boost)  
  48  4:05  Probe (Chrono Boost)  
  49  4:11  Robotics Facility, Assimilator  
  49  4:14  Probe (Chrono Boost)  
  51  4:17  Probe (Chrono Boost)  
  51  4:19  Adept  
  51  4:20  Adept  
  51  4:22  Adept  
  57  4:29  Probe x2 (Chrono Boost)  
  59  4:35  Pylon  
  59  4:39  Gateway  
  59  4:41  Probe (Chrono Boost)  
  60  4:56  Adept, Warp Prism  
  60  4:57  Adept x2  
  66  5:04  Pylon x2  
  60  5:23  Dark Templar x3  
  64  5:32  Immortal  
  64  5:50  Stalker  
  64  5:56  Dark Templar  
  68  5:58  Adept x2  
  68  6:03  Pylon  
  72  6:05  Gateway  
  72  6:07  Probe x2 (Chrono Boost)  
  72  6:11  Gateway  
  74  6:13  Pylon  
  74  6:24  Immortal  
  74  6:32  Nexus, Unknown  
  78  6:33  Pylon  
  78  6:34  Pylon  
  78  6:40  Probe x2 (Chrono Boost)  
  78  6:49  Archon, Dark Templar  
  78  6:53  Archon  
  80  6:54  Blink  
  80  6:58  Probe x2 (Chrono Boost)  
  82  7:01  Sentry x3  
  82  7:02  Forge  
  82  7:04  Observer  
  90  7:10  Probe x2 (Chrono Boost)  
  90  7:12  Adept x2  
  95  7:22  Probe x2 (Chrono Boost)  
  97  7:28  Sentry  
  97  7:29  Stalker, Sentry x2  
  105  7:32  Protoss Ground Weapons Level 1  
  105  7:34  Probe x2 (Chrono Boost)  
  107  7:41  Immortal  
  107  7:43  Unknown  
  107  7:44  Probe (Chrono Boost)  
  107  7:46  Probe x2 (Chrono Boost)  
  107  7:49  Stalker x2  
  118  7:55  Probe (Chrono Boost)  
  121  7:58  Probe x2 (Chrono Boost)  
  121  8:02  Assimilator  
  121  8:04  Pylon  
  122  8:05  Probe (Chrono Boost)  
  122  8:07  Pylon  
  124  8:13  Assimilator  
  124  8:14  Probe (Chrono Boost)  
  124  8:16  Pylon  
  123  8:21  Stalker  
  123  8:22  Stalker x4  
  123  8:24  Stalker  
  135  8:28  Observer, Pylon  
  136  8:47  Stalker x6  
  148  9:00  Pylon  
  142  9:03  Probe (Chrono Boost)  
  142  9:04  Probe x2 (Chrono Boost)  
  142  9:14  Stalker x6  
  126  9:39  Stalker  
  126  9:40  Stalker x5  
Tags
 
Add a new tag
Caveats
  • Supply blocks, unpowered buildings, or Contaminate may cause inaccurate times.
  • Supply counts are checked every 10 seconds.